 Dungeon Crawl Stone Soup version 0.26-a0-852-g6321bf7485 (webtiles) character file.

Game seed: 17468657316443486263

499038 marklar909 the Slingshot (level 26, -14/199 HPs)
             Began as a Halfling Hunter on Nov 20, 2020.
             Was the Champion of Okawaru.
             Demolished by a spriggan berserker
             ... wielding a +2 antimagic war axe
              (33 damage)
             ... on level 3 of the Depths on Nov 21, 2020.
             The game lasted 02:32:00 (79537 turns).

marklar909 the Slingshot (Halfling Hunter)         Turns: 79537, Time: 02:32:01

Health: -14/199    AC: 31    Str: 27    XL:     26   Next: 46%
Magic:  31/31      EV: 21    Int: 11    God:    Okawaru [******]
Gold:   4850       SH: 26    Dex: 21    Spells: 25/25 levels left

rFire    + + +     SeeInvis +   a - +3 hunting sling of Plog {freeze, *Slow +Blink rF++ rN+++}
rCold    + + .     Faith    .   Q - +3 kite shield "Piovaaps" {Int+3 Slay+3 Stlth+}
rNeg     + + +     Spirit   .   Y - +1 gold dragon scales
rPois    +         Reflect  +   P - +2 hat {MR+}
rElec    .         Harm     .   V - scarf {repulsion}
rCorr    +         Rampage  .   M - +1 pair of gloves {archery}
MR       ++++.                  n - +2 pair of boots
Stlth    ..........             y - amulet "Yveisen" {Reflect +Fly MR- Str+2 SH+5}
HPRegen  0.43/turn              R - ring "Jucih" {*Slow rC+ rCorr Int+3 SInv}
MPRegen  0.22/turn              m - ring of Crawling {+Fly rPois MR+++ Str+6 Int-4}

@: studying 3 skills, repel missiles
A: small, mutation resistance 1
}: 2/15 runes: decaying, serpentine
a: Heroism, Finesse, Renounce Religion, Evoke Blink, Evoke Flight


You were on level 3 of the Depths.
You worshipped Okawaru.
Okawaru was exalted by your worship.
You visited 10 branches of the dungeon, and saw 45 of its levels.
You also visited: Ossuary.

You collected 9562 gold pieces.
You spent 4712 gold pieces at shops.

Inventory:

Hand Weapons
 a - the +3 hunting sling of Plog (weapon) {freeze, *Slow +Blink rF++ rN+++}
   (Okawaru gifted it to you on level 6 of the Lair of Beasts)

   It causes projectiles fired from it to freeze those they strike, causing
   extra injury to most foes and up to half again as much damage against
   particularly susceptible opponents.
   They can also slow down cold-blooded creatures.
   It greatly protects you from fire.
   It renders you almost immune to negative energy.
   It lets you blink.
   It may slow you when you take damage.
 b - the +8 lance "Wyrmbane" {slay drac, rPois rF+ rC+ AC+3}
   (Okawaru gifted it to you on level 5 of the Lair of Beasts)

   It affects your AC (+3).
   It protects you from fire.
   It protects you from cold.
   It protects you from poison.
Missiles
 d - 293 sling bullets
 x - 150 stones (quivered)
Armour
 n - a +2 pair of boots (worn)
 M - a +1 pair of gloves of archery (worn)
 P - a +2 hat of magic resistance (worn)
 Q - the +3 kite shield "Piovaaps" (worn) {Int+3 Slay+3 Stlth+}
   (You found it on level 4 of the Vaults)

   It affects your intelligence (+3).
   It affects your accuracy and damage with ranged weapons and melee attacks
   (+3).
   It makes you more stealthy.
 V - a scarf of repulsion (worn)
 Y - +1 gold dragon scales (worn)
Jewellery
 f - an uncursed ring of positive energy
 m - the ring of Crawling (right hand) {+Fly rPois MR+++ Str+6 Int-4}
   (You acquired it on level 3 of the Elven Halls)

   [ring of strength]

   It affects your strength (+6).
   It affects your intelligence (-4).
   It protects you from poison.
   It affects your resistance to hostile enchantments.
   It lets you fly.
 y - the amulet "Yveisen" (around neck) {Reflect +Fly MR- Str+2 SH+5}
   (You found it on level 4 of the Dungeon)

   [amulet of reflection]

   It shields you and reflects attacks.
   It affects your strength (+2).
   It affects your resistance to hostile enchantments.
   It lets you fly.
   It affects your SH (+5).
 D - an uncursed ring of ice
 R - the ring "Jucih" (left hand) {*Slow rC+ rCorr Int+3 SInv}
   (You bought it in a shop on level 3 of the Elven Halls)

   [ring of resist corrosion]

   It affects your intelligence (+3).
   It protects you from cold.
   It lets you see invisible.
   It provides partial protection from all sources of acid and corrosion.
   It may slow you when you take damage.
Wands
 i - a wand of iceblast (44)
 r - a wand of acid (10)
 B - a wand of digging (10)
 I - a wand of random effects (12)
 J - a wand of polymorph (8)
Scrolls
 e - 30 scrolls of remove curse
 j - a scroll of fear
 k - 8 scrolls of fog
 l - 17 scrolls of teleportation
 o - 12 scrolls of immolation
 s - 15 scrolls of amnesia
 v - 3 scrolls of blinking
 w - a scroll of silence
 F - 4 scrolls of magic mapping
 S - 27 scrolls of identify
Potions
 c - 9 potions of lignification
 g - 22 potions of curing
 h - 5 potions of cancellation
 p - 6 potions of brilliance
 q - 8 potions of flight
 t - 8 potions of haste
 u - 6 potions of berserk rage
 z - 11 potions of mutation
 A - 7 potions of might
 C - a potion of invisibility
 E - 5 potions of heal wounds
 G - 4 potions of resistance
 H - 2 potions of magic
 N - 12 potions of ambrosia
Books
 K - a manual of
Armour
 O - a manual of Transmutations
 W - a manual of Throwing


   Skills:
 * Level 21.4 Fighting
 + Level 26.0 Slings
 + Level 1.9(13.5) Throwing
 * Level 17.9 Armour
 * Level 18.8 Dodging
 + Level 3.5 Stealth
 + Level 19.8 Shields
 + Level 11.1 Invocations
 + Level 1.2 Evocations


You had 25 spell levels left.
You didn't know any spells.
Your spell library contained the following spells:

 Spells                   Type           Power        Failure   Level
 Animate Skeleton         Necr           #.....       99%         1
 Apportation              Tloc           #.....       99%         1
 Beastly Appendage        Tmut           #.....       99%         1
 Corona                   Hex            #......      99%         1
 Foxfire                  Conj/Fire      #...         99%         1
 Freeze                   Ice            #...         99%         1
 Magic Dart               Conj           #...         99%         1
 Pain                     Necr           #...         99%         1
 Sandblast                Erth           #.....       99%         1
 Sting                    Tmut/Pois      #...         99%         1
 Summon Small Mammal      Summ           #...         99%         1
 Blink                    Tloc           N/A          100%        2
 Call Imp                 Summ           #.......     100%        2
 Ensorcelled Hibernation  Hex/Ice        #.....       100%        2
 Passwall                 Tmut/Erth      #.......     100%        2
 Poisonous Vapours        Pois/Air       #.....       100%        2
 Slow                     Hex            #.......     100%        2
 Wereblood                Tmut           #.......     100%        2
 Call Canine Familiar     Summ           #.......     100%        3
 Confusing Touch          Hex            #.......     100%        3
 Conjure Flame            Conj/Fire      #.......     100%        3
 Dazzling Flash           Conj/Hex       #.....       100%        3
 Frozen Ramparts          Ice            #.....       100%        3
 Gell's Gravitas          Tloc           #.........   100%        3
 Ignite Poison            Fire/Tmut/Pois #.......     100%        3
 Inner Flame              Hex/Fire       #.......     100%        3
 Mephitic Cloud           Conj/Pois/Air  #.......     100%        3
 Ozocubu's Armour         Ice            #.......     100%        3
 Portal Projectile        Hex/Tloc       #.....       100%        3
 Spider Form              Tmut/Pois      #.........   100%        3
 Static Discharge         Conj/Air       #.......     100%        3
 Stone Arrow              Conj/Erth      #.....       100%        3
 Summon Guardian Golem    Hex/Summ       #.......     100%        3
 Tukima's Dance           Hex            #.......     100%        3
 Vampiric Draining        Necr           #.........   100%        3
 Animate Dead             Necr           #.........   100%        4
 Cause Fear               Hex            #.........   100%        4
 Hailstorm                Conj/Ice       #.......     100%        4
 Ice Form                 Ice/Tmut       #.......     100%        4
 Leda's Liquefaction      Hex/Erth       #.........   100%        4
 Olgreb's Toxic Radiance  Pois           #.......     100%        4
 Petrify                  Tmut/Erth      #.......     100%        4
 Sticky Flame             Conj/Fire      #.......     100%        4
 Summon Ice Beast         Ice/Summ       #.......     100%        4
 Summon Lightning Spire   Summ/Air       #.......     100%        4
 Agony                    Necr           #.......     100%        5
 Blade Hands              Tmut           #.........   100%        5
 Bolt of Magma            Conj/Fire/Erth #.........   100%        5
 Borgnjor's Vile Clutch   Necr/Erth      #.........   100%        5
 Fireball                 Conj/Fire      #.........   100%        5
 Iskenderun's Battlesphe  Conj           #.......     100%        5
 Lee's Rapid Deconstruct  Erth           #.........   100%        5
 Lightning Bolt           Conj/Air       #.........   100%        5
 Metabolic Englaciation   Hex/Ice        #.........   100%        5
 Summon Demon             Summ           #.........   100%        5
 Summon Forest            Summ/Tloc      #.........   100%        5
 Summon Mana Viper        Hex/Summ       #.......     100%        5
 Death Channel            Necr           #.........   100%        6
 Dispersal                Tloc           #.........   100%        6
 Freezing Cloud           Conj/Ice/Air   #.........   100%        6
 Hydra Form               Tmut           #.........   100%        6
 Iron Shot                Conj/Erth      #.........   100%        6
 Ozocubu's Refrigeration  Ice            #.........   100%        6
 Shadow Creatures         Summ           N/A          100%        6
 Simulacrum               Ice/Necr       #.........   100%        6
 Starburst                Conj/Fire      #.........   100%        6
 Statue Form              Tmut/Erth      #........    100%        6
 Dragon Form              Tmut           #.........   100%        7
 Haunt                    Necr/Summ      #.........   100%        7
 Orb of Destruction       Conj           #.........   100%        7
 Spellforged Servitor     Conj/Summ      #.........   100%        7
 Summon Hydra             Summ           #.........   100%        7
 Borgnjor's Revivificati  Necr           #.........   100%        8
 Disjunction              Tloc           #.........   100%        8
 Ignition                 Fire           #.........   100%        8
 Infestation              Necr           #.........   100%        8
 Necromutation            Tmut/Necr      #.........   100%        8
 Death's Door             Necr           #.........   100%        9
 Dragon's Call            Summ           #.........   100%        9
 Shatter                  Erth           #.........   100%        9
 Tornado                  Air            #.........   100%        9


Dungeon Overview and Level Annotations

Branches:
Dungeon (15/15)            Temple (1/1) D:7            Lair (6/6) D:8
  Swamp (4/4) Lair:2        Snake (4/4) Lair:2        Slime (0/5) Lair:5
    Orc (2/2) D:12            Elf (3/3) Orc:2        Vaults (4/5) D:13
  Crypt (3/3) Vaults:3       Tomb (0/3) Crypt:3      Depths (3/5) D:15
Ossuary (visited)

Altars:
Ashenzari
Cheibriados
Dithmenos
Elyvilon
Fedhas
Gozag
Hepliaklqana
Kikubaaqudgha
Makhleb
Nemelex Xobeh
Okawaru
Qazlal
Ru
Sif Muna
Trog
Uskayaw
Vehumet
Wu Jian
Xom
Yredelemnul
Zin
The Shining One
Beogh
Jiyva

Shops:
D:5 =   D:6 [   D:7 =   D:10 !   D:11 (}!?   D:14 (   Orc:2 =**:   Elf:1 ?
Elf:2 *   Elf:3 }==   Snake:1 *   Snake:2 ?*!   Vaults:3 =?*[

Portals:
Hell: Depths:1 Depths:2
Abyss: Depths:1 Depths:2

Annotations:
Lair:3 1 runed translucent door, Oluanan's ghost, journeyman DsFi
Elf:2 3 runed translucent doors
Elf:3 1 exclusion
Vaults:1 3 runed translucent doors, Anosyof's ghost, adept CeHu
Crypt:2 2 transporters


Innate Abilities, Weirdness & Mutations

You are small and have problems with some larger weapons.
You are somewhat resistant to further mutation.


Message History

Press: ? - help, Shift-Dir - straight line, f/p - spriggan berserker
Aim: a spriggan berserker, wielding a +2 antimagic war axe and wearing a +0 animal skin (severely wounded, berserk, regenerating, resistant to hostile enchantments)
You shoot a stone. The stone hits the deep troll!!
The stone freezes the deep troll.
You kill the deep troll!
Okawaru accepts your kill.
The troll leather armour is intact enough to wear.
The spriggan berserker hits you but does no damage.
Firing (i - inventory. (/) - cycle)
x - 151 stones (quivered)
Press: ? - help, Shift-Dir - straight line, f/p - spriggan berserker
Aim: a spriggan berserker, wielding a +2 antimagic war axe and wearing a +0 animal skin (severely wounded, berserk, regenerating, resistant to hostile enchantments)
You shoot a stone. The stone hits the spriggan berserker!
The stone freezes the spriggan berserker!
The spriggan berserker is almost dead.
You block the spriggan rider's attack.
You feel better.
You block the spriggan berserker's attack.
The spriggan rider barely misses you.
The spriggan berserker hits you with a +2 antimagic war axe!!
You die...

#.#.#.#.#..#
#<#...#...####
#########....#
#.# #...##..###
... #...#.....#
....
###.##.ยง..#.....
#..#....#.....
#.###i......#
###@iiY.#.....
#..###(#####..
#..#.(T..# +
####.([..#
..((...#
#(.(....#
#(..$(.###
#(..(.(# #..?.###


You could see a death yak (summoned, berserk), a spriggan rider, a spriggan
berserker (berserk, regenerating, resisting magic) and a spriggan air mage
(repels missiles).

Vanquished Creatures
  An ancient lich (Vaults:4)
  Mara (Depths:2)
  A juggernaut (Depths:2)
  Sojobo (Depths:1)
  Bai Suzhen (Snake:3)
  A caustic shrike (Depths:2)
  A bone dragon (Crypt:3)
  A profane servitor (Crypt:3)
  Jorgrun (Elf:2)
  4 liches
  2 deep elf blademasters (Elf:3)
  2 deep elf master archers (Elf:3)
  A titan (Vaults:4)
  2 sphinxes
  Gastronok (Lair:3)
  3 ancient champions (Crypt:2)
  Frances (D:14)
  3 tengu reavers
  A storm dragon (Vaults:2)
  3 thorn hunters
  13 nagarajas
  Roxanne (D:14)
  2 revenants
  6 frost giants
  10 fire giants
  6 vault wardens
  4 deep elf sorcerers
  3 deep elf elementalists (Elf:3)
  4 curse skulls
  19 ghouls
  A caustic shrike zombie (Crypt:2)
  4 very ugly things (Depths:2)
  A war gargoyle (Vaults:4)
  9 ironheart preservers
  13 stone giants
  7 deep elf demonologists
  6 vampire knights
  9 deep elf annihilators
  9 spark wasps
  Nessos (D:14)
  2 bunyips
  11 eidola
  A merfolk javelineer (Depths:1)
  A mummy priest (Crypt:3)
  4 eleionomae
  6 ettins
  A quicksilver dragon zombie (Crypt:3)
  8 deep elf death magi
  4 yaktaur captains
  9 ogre magi
  2 deep elf high priests (Elf:3)
  5 shambling mangroves
  4 jiangshi (Crypt:2)
  Erolcha (Orc:2)
  3 fire dragons
  A quicksilver dragon skeleton (Crypt:1)
  10 great orbs of eyes
  23 hydras
  16 naga warriors
  11 vault guards
  7 ice dragons
  9 boulder beetles
  4 rakshasas
  A ghost crab (Swamp:4)
  A catoblepas (Lair:2)
  13 centaur warriors
  2 spriggan air magi (Depths:2)
  11 anacondas
  3 deep troll earth magi
  5 alligators
  31 two-headed ogres
  5 deep troll shamans
  8 tengu warriors
  3 vampire magi
  2 titan zombies (Crypt:3)
  11 death knights
  4 dancing weapons
  2 orc high priests
  9 naga sharpshooters
  3 death yaks
  A soul eater (Crypt:1)
  3 spriggans
  Urug (Lair:1)
  11 deep elf knights
  2 storm dragon zombies (Crypt:1)
  A spriggan berserker (Depths:2)
  8 shock serpents
  2 shadow wraiths
  7 salamander mystics
  A small abomination (Elf:3)
  41 skeletal warriors
  2 storm dragon skeletons (Crypt:2)
  3 goliath frogs
  2 unseen horrors (D:15)
  A glowing orange brain (Vaults:1)
  15 deep trolls
  6 wizards
  12 swamp dragons
  A ghost moth zombie (Crypt:3)
  7 flayed ghosts
  4 bog bodies
  5 spriggan druids
  3 spectral hydras
  2 lindwurms
  6 deep elf archers
  A shadow dragon zombie (Crypt:3)
  7 naga ritualists
  49 deep elf magi
  6 necromancers
  5 wolf spider zombies
  A bunyip skeleton (Crypt:2)
  9 ironbrand convokers
  21 phantasmal warriors
  8 mana vipers
  3 harpies (Vaults:1)
  The ghost of LufLufFighter the Changer, a novice MfTm (D:6)
  15 orc knights
  8 wolf spiders
  A fire giant zombie (Crypt:3)
  3 will-o-the-wisps
  3 orc sorcerers
  A stone giant zombie (Crypt:3)
  A salamander (shapeshifter) (Elf:1)
  2 shadow dragon skeletons
  An anaconda skeleton (Crypt:1)
  A mana viper (shapeshifter) (Depths:2)
  40 ugly things
  3 oklob plants (Swamp:4)
  12 cyclopes
  5 manticores (D:15)
  32 black mambas
  10 salamanders
  A frost giant skeleton (Crypt:2)
  10 guardian serpents
  17 vault sentinels
  21 elephants
  2 guardian serpents (shapeshifter)
  2 dire elephant zombies
  4 centaur zombies
  A shock serpent zombie (Crypt:2)
  19 naga magi
  2 torpor snails
  A black mamba (shapeshifter) (Depths:2)
  10 cane toads
  A white draconian zombie (Crypt:3)
  A catoblepas zombie (Crypt:2)
  An efreet (D:11)
  A yaktaur zombie (Vaults:2)
  6 rime drakes
  29 yaktaurs
  An emperor scorpion zombie (Crypt:3)
  2 kobold demonologists (D:15)
  13 freezing wraiths
  2 guardian mummies (Crypt:3)
  15 komodo dragons
  2 harpy zombies
  4 death drake zombies (Swamp:4)
  2 tengu conjurers (Depths:2)
  A purple draconian skeleton (Crypt:2)
  7 jumping spiders
  19 trolls
  3 meliai (shapeshifter)
  9 polar bears (Lair:6)
  A queen bee (Lair:5)
  A wolf spider simulacrum (D:15)
  6 meliai
  4 tyrant leeches
  2 hydra zombies
  13 hornets
  A tengu simulacrum (Vaults:3)
  A polar bear (shapeshifter) (Vaults:1)
  4 raiju (Lair:6)
  3 hydra skeletons (Swamp:4)
  A raiju (shapeshifter) (D:15)
  2 ettin zombies
  A fire dragon zombie (Crypt:3)
  A harpy skeleton (D:15)
  36 slime creatures
  11 blink frogs
  A blink frog (shapeshifter) (Vaults:4)
  A jumping spider zombie (Crypt:1)
  10 dream sheep
  2 alligator zombies
  3 death drake skeletons (Swamp:4)
  An ice dragon zombie (Crypt:2)
  A boulder beetle zombie (Vaults:1)
  An ettin skeleton (Vaults:2)
  2 vampires
  3 shadows
  4 water elementals
  3 air elementals
  3 redbacks
  A tarantella (Lair:1)
  13 wraiths
  8 wyverns
  A hog (shapeshifter) (Depths:1)
  51 yaks
  2 humans (shapeshifter) (Vaults:3)
  An ushabti (Crypt:3)
  An elf zombie (Vaults:1)
  13 vampire mosquitoes
  2 fire elementals (Elf:1)
  2 steam dragons (Lair:6)
  10 basilisks
  3 acid dragons
  53 nagas
  A soldier ant (D:15)
  17 swamp worms
  15 water moccasins
  13 hell hounds (Lair:6)
  10 wargs
  A gelid demonspawn zombie (Crypt:1)
  A merfolk zombie (Crypt:2)
  3 hydra simulacra (Swamp:4)
  An ogre skeleton (Vaults:1)
  37 orc warriors
  11 swamp drakes
  5 phantoms
  3 sky beasts
  2 snapping turtle zombies (Crypt:3)
  A black bear (shapeshifter) (Vaults:3)
  2 swamp dragon zombies (Swamp:4)
  2 eyes of draining
  4 ice beasts
  13 black bears
  19 necrophages
  28 wolves
  38 ogres
  An ice dragon simulacrum (Vaults:1)
  19 boggarts
  25 centaurs
  2 manticore skeletons
  A swamp dragon skeleton (Swamp:4)
  A big kobold (D:9)
  An orc skeleton (Vaults:2)
  An elf simulacrum (Vaults:1)
  4 earth elementals
  13 bullfrogs
  A bullfrog (shapeshifter) (D:14)
  A human skeleton (Vaults:1)
  A wyvern zombie (D:12)
  6 wyvern skeletons (Crypt:3)
  5 scorpions
  A water moccasin skeleton (D:6)
  23 killer bees
  10 wights
  A howler monkey (D:12)
  2 electric eels
  A bullfrog zombie (D:8)
  A lava snake (Lair:1)
  2 quasits
  3 human zombies
  3 hounds
  2 jellies
  6 bullfrog skeletons
  6 centaur skeletons
  24 orc priests
  34 orc wizards
  5 iguanas
  8 worker ants
  2 killer bee zombies (D:6)
  A demigod skeleton (Crypt:1)
  3 hound zombies
  3 mummies (Ossuary)
  2 worker ant zombies (D:11)
  A howler monkey zombie (D:11)
  A swamp drake zombie (Crypt:2)
  7 adders
  A white imp (D:7)
  An ooze (D:5)
  An adder skeleton (D:7)
  3 adder zombies (Ossuary)
  5 worms
  2 dart slugs
  6 leopard geckos
  120 orcs
  5 bats
  7 giant cockroaches
  6 goblins
  9 hobgoblins
  10 jackals
  11 kobolds
  3 quokkas
  2 frilled lizards
  A giant cockroach zombie (Crypt:1)
  A gnoll zombie (Ossuary)
  A goblin zombie (Ossuary)
  4 hobgoblin zombies (Ossuary)
  A jackal skeleton (D:5)
  A jackal zombie (D:5)
  4 kobold zombies
  A leopard gecko zombie (D:5)
  3 quokka zombies (Ossuary)
  9 rats
  2 rat zombies (Ossuary)
  4 crawling corpses (Elf:3)
1991 creatures vanquished.

Vanquished Creatures (others)
  2 deep elf sorcerers (Elf:3)
  A deep elf death mage (Elf:3)
  2 shadow wraiths
  An unseen horror (D:15)
  3 deep elf magi
  A necromancer (Crypt:1)
  A bloated husk (Swamp:1)
  A basilisk (Lair:6)
  A swamp drake (Swamp:4)
  A boggart (D:15)
  A bush (Depths:3)
  16 foxfires
  56 fungi
  129 plants
  23 withered plants (Crypt:3)
239 creatures vanquished.

Grand Total: 2230 creatures vanquished

Notes
Turn   | Place    | Note
-------+----------+-------------------------------------------
     0 | D:1      | marklar909 the Halfling Hunter began the quest for the Orb.
     0 | D:1      | Reached XP level 1. HP: 14/14 MP: 1/1
   214 | D:1      | Reached skill level 6 in Slings
   320 | D:1      | Reached XP level 2. HP: 19/19 MP: 2/2
   789 | D:2      | Reached XP level 3. HP: 24/24 MP: 3/3
   857 | D:2      | Reached skill level 7 in Slings
   918 | D:2      | Found a burning altar of Makhleb.
  1370 | D:2      | Noticed a phantom
  1400 | D:2      | Killed a phantom
  1401 | D:2      | Reached skill level 8 in Slings
  1401 | D:2      | Reached XP level 4. HP: 30/30 MP: 4/4
  1401 | D:2      | Reached XP level 5. HP: 35/35 MP: 5/5
  1954 | D:3      | Reached skill level 9 in Slings
  1954 | D:3      | Reached XP level 6. HP: 21/40 MP: 6/6
  2392 | D:4      | Got a faintly glowing pewter amulet
  2460 | D:4      | Reached skill level 1 in Armour
  2690 | D:4      | Reached skill level 10 in Slings
  2690 | D:4      | Reached XP level 7. HP: 45/45 MP: 7/7
  3230 | D:4      | Identified the amulet "Yveisen" {Reflect +Fly MR- Str+2
                  | SH+5} (You found it on level 4 of the Dungeon)
  3248 | D:5      | Entered Level 5 of the Dungeon
  3256 | D:5      | Found Apiotri's Jewellery Shoppe.
  3265 | D:5      | Bought the cursed ring of Hoaxuklo {*Contam +Fly rPois
                  | Int-4 SInv} for 100 gold pieces
  3446 | D:5      | Found a radiant altar of Vehumet.
  3618 | D:5      | Reached XP level 8. HP: 54/54 MP: 8/8
  3688 | D:5      | Found a sand-covered staircase.
  3693 | Ossuary  | Entered an ossuary
  4502 | D:6      | Reached skill level 11 in Slings
  4677 | D:6      | Found Beosapri's Armour Shoppe.
  4683 | D:6      | Bought a +1 buckler of protection for 231 gold pieces
  4786 | D:6      | Found a runed translucent gate.
  4786 | D:6      | Found a runed translucent gate.
  4790 | D:6      | Found a runed translucent gate.
  4795 | D:6      | Noticed LufLufFighter's ghost (novice MfTm)
  4999 | D:7      | Reached skill level 1 in Shields
  4999 | D:7      | Reached XP level 9. HP: 59/59 MP: 9/9
  5067 | D:7      | Found a staircase to the Ecumenical Temple.
  5204 | Temple   | Entered the Ecumenical Temple
  5211 | Temple   | Became a worshipper of Warmaster Okawaru
  5228 | D:7      | Found Wohelop's Jewellery Shop.
  5230 | D:7      | Noticed a hornet
  5241 | D:7      | Killed a hornet
  5242 | D:7      | Reached skill level 5 in Fighting
  5314 | D:7      | Reached skill level 12 in Slings
  5780 | D:7      | Reached skill level 5 in Armour
  6038 | D:8      | Reached * piety under Okawaru
  6122 | D:8      | Found a staircase to the Lair.
  6122 | D:8      | Noticed an elephant
  6149 | D:8      | Killed an elephant
  6150 | D:8      | Reached skill level 5 in Dodging
  6194 | D:8      | Reached XP level 10. HP: 52/69 MP: 10/10
  6480 | D:8      | You fall into a shaft and drop 1 floor!
  6799 | D:9      | Reached ** piety under Okawaru
  7104 | D:9      | Found an opulent altar of Gozag.
  7428 | D:10     | Entered Level 10 of the Dungeon
  7615 | D:10     | Noticed a two-headed ogre
  7641 | D:10     | Killed a two-headed ogre
  7641 | D:10     | Reached *** piety under Okawaru
  7642 | D:10     | Reached skill level 13 in Slings
  7742 | D:10     | Found an opulent altar of Gozag.
  7839 | D:10     | Reached XP level 11. HP: 61/78 MP: 11/11
  7957 | D:10     | Reached **** piety under Okawaru
  8141 | D:10     | Found a roughly hewn altar of Beogh.
  8534 | D:10     | Noticed a two-headed ogre
  8554 | D:10     | Killed a two-headed ogre
  8560 | D:10     | Found Bearann's Distillery.
  8570 | D:10     | Bought a potion of heal wounds for 60 gold pieces
  8570 | D:10     | Bought a potion of might for 48 gold pieces
  8570 | D:10     | Bought a potion of attraction for 36 gold pieces
  8718 | D:11     | Found a glowing golden altar of the Shining One.
  8764 | D:11     | Reached skill level 5 in Shields
  9023 | D:11     | Noticed a cyclops
  9039 | D:11     | Killed a cyclops
  9039 | D:11     | Reached ***** piety under Okawaru
  9320 | D:11     | Found Paucluom's Weapon Shop.
  9415 | D:11     | Reached skill level 10 in Fighting
  9507 | D:11     | Found Xefilok's Gadget Boutique.
  9522 | D:11     | Found Zegge's Magic Scroll Shop.
  9524 | D:11     | Identified the Handbook of Conjuration and Moulding
  9524 | D:11     | Noticed a purple ugly thing
  9546 | D:11     | Received a gift from Okawaru
  9552 | D:11     | Killed a purple ugly thing
  9611 | D:11     | Bought a scroll of magic mapping for 49 gold pieces
  9611 | D:11     | Bought a scroll of random uselessness for 14 gold pieces
  9654 | D:11     | Found Bosm's Distillery.
  9770 | D:11     | Reached skill level 14 in Slings
 10006 | D:11     | Noticed a wolf spider
 10015 | D:11     | Killed a wolf spider
 10103 | D:11     | Received a gift from Okawaru
 10223 | D:11     | Noticed a two-headed ogre
 10233 | D:11     | Reached XP level 12. HP: 81/87 MP: 9/12
 10260 | D:11     | Killed a two-headed ogre
 10378 | D:11     | Received a gift from Okawaru
 10380 | D:11     | Reached skill level 1 in Invocations
 10549 | D:11     | Identified a scroll of acquirement
 10549 | D:11     | Acquired a +2 kite shield of protection
 10729 | D:12     | Reached skill level 1 in Throwing
 11154 | D:12     | Found a roughly hewn altar of Beogh.
 11154 | D:12     | Found a staircase to the Orcish Mines.
 12534 | D:12     | Got a dazzling chain mail
 12535 | D:12     | Identified the +0 chain mail of Divine Compulsion {rN+}
                  | (You found it on level 12 of the Dungeon)
 12624 | D:11     | Bought a +0 fustibalus for 210 gold pieces
 12722 | Lair:1   | Entered Level 1 of the Lair of Beasts
 12896 | Lair:1   | Received a gift from Okawaru
 12993 | Lair:1   | Noticed an eight-headed hydra
 13014 | Lair:1   | Killed an eight-headed hydra
 13015 | Lair:1   | Reached XP level 13. HP: 66/95 MP: 11/13
 13157 | Lair:1   | Noticed Urug
 13203 | Lair:1   | Killed Urug
 13414 | Lair:1   | Noticed an eight-headed hydra
 13430 | Lair:1   | Killed an eight-headed hydra
 13554 | Lair:1   | Found a runed translucent door.
 13856 | Lair:2   | Found a staircase to the Snake Pit.
 13862 | Lair:2   | Received a gift from Okawaru
 13878 | Lair:2   | Noticed a six-headed hydra
 13895 | Lair:2   | Killed a six-headed hydra
 13991 | Lair:2   | Noticed an eight-headed hydra
 13991 | Lair:2   | Noticed a catoblepas
 14106 | Lair:2   | Killed a catoblepas
 14107 | Lair:2   | Reached skill level 15 in Slings
 14208 | Lair:2   | Received a gift from Okawaru
 14606 | Lair:2   | Found a staircase to the Swamp.
 14825 | Lair:2   | Killed an eight-headed hydra
 15054 | Lair:3   | Reached ****** piety under Okawaru
 15638 | Lair:3   | Noticed a four-headed hydra
 15651 | Lair:3   | Killed a four-headed hydra
 15651 | Lair:3   | Received a gift from Okawaru
 15776 | Lair:3   | You fall into a shaft and drop 2 floors!
 15802 | Lair:5   | Noticed a seven-headed hydra
 15813 | Lair:5   | Killed a seven-headed hydra
 15864 | Lair:5   | Received a gift from Okawaru
 15865 | Lair:5   | Found the +8 lance "Wyrmbane" {slay drac, rPois rF+ rC+
                  | AC+3}
 16008 | Lair:5   | Found a staircase to the Slime Pits.
 16008 | Lair:5   | Found a viscous altar of Jiyva.
 16598 | Lair:3   | Reached XP level 14. HP: 96/104 MP: 15/15
 16720 | Lair:3   | Found a runed translucent door.
 16721 | Lair:3   | Found a shimmering altar of Xom.
 16721 | Lair:3   | Noticed Oluanan's ghost (journeyman DsFi)
 16726 | Lair:3   | Noticed Gastronok
 16746 | Lair:3   | Killed Gastronok
 16747 | Lair:3   | Reached skill level 10 in Armour
 17005 | Lair:3   | Received a gift from Okawaru
 17381 | Lair:4   | Received a gift from Okawaru
 18722 | Lair:5   | Reached skill level 10 in Shields
 18743 | Lair:4   | Received a gift from Okawaru
 19181 | Lair:5   | Reached skill level 16 in Slings
 19224 | Lair:5   | Received a gift from Okawaru
 19269 | Lair:5   | Received a gift from Okawaru
 19536 | Lair:5   | Received a gift from Okawaru
 19542 | Lair:5   | Reached skill level 10 in Dodging
 20224 | Lair:5   | Received a gift from Okawaru
 20339 | Lair:5   | Received a gift from Okawaru
 20872 | Lair:5   | Got a translucent scale mail
 20873 | Lair:5   | Identified the +5 scale mail of the Armadillo {rPois Int+3
                  | Slay+4 Stlth-} (You found it on level 5 of the Lair of
                  | Beasts)
 21102 | Lair:6   | Entered Level 6 of the Lair of Beasts
 21449 | Lair:6   | Reached XP level 15. HP: 99/110 MP: 17/17
 21477 | Lair:6   | Received a gift from Okawaru
 21545 | Lair:6   | Got a crystal hunting sling {god gift}
 21778 | Lair:6   | Identified the +3 hunting sling of Plog {freeze, *Slow
                  | +Blink rF++ rN+++} (Okawaru gifted it to you on level 6 of
                  | the Lair of Beasts)
 22185 | Lair:6   | Received a gift from Okawaru
 22802 | Lair:6   | Reached skill level 17 in Slings
 24457 | D:8      | Found a glowing golden altar of the Shining One.
 24466 | D:8      | Found a basalt altar of Yredelemnul.
 24472 | D:8      | Noticed an angel
 24613 | Orc:1    | Entered Level 1 of the Orcish Mines
 24713 | Orc:1    | Found a roughly hewn altar of Beogh.
 25172 | Orc:2    | Entered Level 2 of the Orcish Mines
 25679 | Orc:2    | Paralysed by an ogre mage for 4 turns
 25885 | Orc:2    | Reached XP level 16. HP: 94/119 MP: 19/19
 26047 | Orc:2    | Noticed Erolcha
 26051 | Orc:2    | Killed Erolcha
 26052 | Orc:2    | Reached skill level 5 in Invocations
 26096 | Orc:2    | Found Nunuot's Assorted Antiques.
 26120 | Orc:2    | Received a gift from Okawaru
 26121 | Orc:2    | Found Beczepidd's Book Shoppe.
 26131 | Orc:2    | Found Gugymp's Assorted Antiques.
 26176 | Orc:2    | Found Feal's Jewellery Emporium.
 26180 | Orc:2    | Bought a silvery potion for 28 gold pieces
 26608 | Orc:2    | Paralysed by an orc sorcerer for 6 turns
 26939 | Orc:2    | Found a staircase to the Elven Halls.
 27212 | Orc:2    | Upgraded the game from 0.26-a0-850-g97a50ab700 to
                  | 0.26-a0-852-g6321bf7485
 27236 | Orc:2    | Got a slimy hunting sling {god gift}
 27237 | Orc:2    | Identified the +6 hunting sling of Okawaru {venom, Int+2}
                  | (Okawaru gifted it to you on level 2 of the Orcish Mines)
 27257 | Orc:2    | Bought the brooch of Shielding {Spirit SH+8} for 653 gold
                  | pieces
 27257 | Orc:2    | Found the brooch of Shielding {Spirit SH+8}
 27461 | Swamp:1  | Entered Level 1 of the Swamp
 27891 | Swamp:1  | Reached skill level 18 in Slings
 29541 | Swamp:3  | Noticed a thorn hunter
 29557 | Swamp:3  | Killed a thorn hunter
 29910 | Swamp:3  | Received a gift from Okawaru
 30323 | Swamp:4  | Entered Level 4 of the Swamp
 30353 | Swamp:3  | Reached XP level 17. HP: 119/126 MP: 19/21
 30619 | Swamp:4  | Paralysed by something for 2 turns
 30637 | Swamp:3  | Received a gift from Okawaru
 31243 | Swamp:4  | Paralysed by something for 3 turns
 31255 | Swamp:4  | HP: 4/126 [spectral six-headed hydra (7)]
 32277 | Swamp:4  | Received a gift from Okawaru
 32808 | Swamp:4  | Paralysed by something for 2 turns
 33089 | Swamp:4  | Noticed a thorn hunter
 33110 | Swamp:4  | Reached skill level 19 in Slings
 33123 | Swamp:4  | Killed a thorn hunter
 33443 | Swamp:4  | Noticed a thorn hunter
 33470 | Swamp:4  | Found a blossoming altar of Fedhas.
 33677 | Swamp:4  | Reached skill level 15 in Fighting
 34853 | Swamp:3  | Killed a thorn hunter
 35251 | Swamp:4  | Found a basalt altar of Yredelemnul.
 35263 | Swamp:4  | Got a decaying rune of Zot
 36255 | Snake:1  | Entered Level 1 of the Snake Pit
 36846 | Lair:1   | Received a gift from Okawaru
 37018 | Lair:1   | Got a clouded tin ring
 37024 | Lair:1   | Identified the ring "Cuughu" {rPois rC- rCorr Slay+3
                  | Stlth+} (You found it on level 1 of the Lair of Beasts)
 37134 | Lair:1   | Received a gift from Okawaru
 37672 | Snake:1  | Reached XP level 18. HP: 134/134 MP: 23/23
 37700 | Snake:1  | Received a gift from Okawaru
 37998 | Snake:1  | Found Voffoh's Assorted Antiques.
 38005 | Snake:1  | Bought a shiny helmet for 247 gold pieces
 38005 | Snake:1  | Bought 2 scrolls of teleportation for 198 gold pieces
 38745 | Snake:2  | Received a gift from Okawaru
 38772 | Snake:2  | Found Yluwniaf's Distillery.
 38774 | Snake:2  | Found Biapnasm's Assorted Antiques.
 38776 | Snake:2  | Found Erafuxar's Magic Scroll Emporium.
 38780 | Snake:2  | Bought a potion of heal wounds for 80 gold pieces
 38780 | Snake:2  | Bought a potion of curing for 48 gold pieces
 38780 | Snake:2  | Bought a potion of heal wounds for 80 gold pieces
 38780 | Snake:2  | Bought a potion of heal wounds for 80 gold pieces
 39392 | Snake:2  | Received a gift from Okawaru
 40565 | Snake:3  | Reached skill level 20 in Slings
 40867 | Snake:3  | Noticed Bai Suzhen
 40903 | Snake:3  | Killed Bai Suzhen
 41401 | Snake:3  | Acquired a manual of Dodging
 41455 | Snake:4  | Entered Level 4 of the Snake Pit
 41468 | Snake:4  | Received a gift from Okawaru
 41768 | Snake:4  | Reached skill level 15 in Shields
 41960 | Snake:4  | Received a gift from Okawaru
 42121 | Snake:4  | Reached XP level 19. HP: 141/141 MP: 25/25
 42281 | Snake:4  | Received a gift from Okawaru
 42301 | Snake:4  | Got a bloodstained cloak {god gift}
 43034 | Snake:4  | Reached skill level 21 in Slings
 43230 | Snake:4  | Received a gift from Okawaru
 43413 | Snake:4  | Got a serpentine rune of Zot
 43924 | Snake:4  | Identified the +0 cloak of the Cobbler {Dex+3} (Okawaru
                  | gifted it to you on level 4 of the Snake Pit)
 44071 | D:8      | Acquired 1070 gold pieces
 44788 | D:13     | Found a gate to the Vaults.
 44968 | D:13     | Found an ancient bone altar of Kikubaaqudgha.
 45122 | D:14     | Found Aloaxi Teher's Antique Weapon Boutique.
 45132 | D:14     | Identified Roxanne's Collected Works on Shape Shifting
 45132 | D:14     | Noticed Roxanne
 45466 | D:14     | Noticed Nessos
 45476 | D:14     | Killed Nessos
 45477 | D:14     | Reached XP level 20. HP: 134/149 MP: 24/27
 45750 | D:14     | Noticed Frances
 45768 | D:14     | Killed Frances
 45986 | D:14     | Killed Roxanne
 46029 | D:15     | Entered Level 15 of the Dungeon
 46471 | D:15     | Found a staircase to the Depths.
 46526 | D:15     | Found a sparkling altar of Nemelex Xobeh.
 46527 | D:15     | Found a shadowy altar of Dithmenos.
 46527 | D:15     | Found an iron altar of Okawaru.
 47050 | D:15     | Received a gift from Okawaru
 47647 | D:15     | Received a gift from Okawaru
 47704 | D:15     | Reached skill level 1 in Evocations
 47935 | D:15     | Reached skill level 22 in Slings
 48069 | D:15     | Identified Qagiral's Guide on Congealing Attacks
 48607 | Vaults:1 | Entered Level 1 of the Vaults
 48617 | Vaults:1 | Received a gift from Okawaru
 48617 | Vaults:1 | Paralysed by a floating eye for 3 turns
 48618 | Vaults:1 | Reached skill level 10 in Invocations
 49622 | Vaults:1 | Received a gift from Okawaru
 49997 | Vaults:1 | Found a runed translucent gate.
 49997 | Vaults:1 | Found a runed translucent gate.
 49997 | Vaults:1 | Found a runed translucent gate.
 50000 | Vaults:1 | Noticed Anosyof's ghost (adept CeHu)
 50207 | Vaults:1 | Received a gift from Okawaru
 50313 | Vaults:1 | Reached XP level 21. HP: 141/156 MP: 28/28
 50448 | Vaults:1 | Received a gift from Okawaru
 50455 | Vaults:1 | Found a roughly hewn altar of Beogh.
 53356 | Vaults:2 | Received a gift from Okawaru
 53857 | Vaults:2 | Reached skill level 23 in Slings
 53873 | Vaults:2 | Received a gift from Okawaru
 55206 | D:6      | Bought the +2 pair of gloves "Enodwof" {Str+6 Int+3} for
                  | 565 gold pieces
 55218 | D:6      | Bought +0 gold dragon scales for 1120 gold pieces
 55297 | D:6      | Killed LufLufFighter's ghost
 55634 | Elf:1    | Entered Level 1 of the Elven Halls
 55641 | Elf:1    | Reached skill level 15 in Dodging
 55793 | Elf:1    | Noticed a Brimstone Fiend
 55796 | Elf:1    | Received a gift from Okawaru
 56548 | Elf:1    | Identified the +9 whip "Fijorgh" {pain, rElec}
 56594 | Elf:1    | Found Deod's Magic Scroll Shop.
 56598 | Elf:1    | Bought a scroll of identify for 22 gold pieces
 56598 | Elf:1    | Bought a scroll of identify for 22 gold pieces
 56598 | Elf:1    | Bought a scroll of teleportation for 33 gold pieces
 56642 | Elf:1    | Reached XP level 22. HP: 164/164 MP: 30/30
 56659 | Elf:1    | Identified Sif Muna's Guide on Companions
 56916 | Elf:1    | Received a gift from Okawaru
 57386 | Elf:2    | Noticed Jorgrun
 57404 | Elf:2    | Killed Jorgrun
 57544 | Elf:2    | Found Cownen's Assorted Antiques.
 57552 | Elf:2    | Bought a scroll of teleportation for 84 gold pieces
 57836 | Elf:2    | Found a runed translucent gate.
 57836 | Elf:2    | Found a runed translucent gate.
 57838 | Elf:2    | Found a runed translucent gate.
 57944 | Elf:3    | Entered Level 3 of the Elven Halls
 58037 | Elf:3    | Found a radiant altar of Vehumet.
 58096 | Elf:3    | Found Nualelec's Gadget Shoppe.
 58096 | Elf:3    | Found Ydghy's Jewellery Shop.
 58097 | Elf:3    | Found Ephiev's Jewellery Shop.
 58102 | Elf:3    | Bought the ring "Jucih" {*Slow rC+ rCorr Int+3 SInv} for
                  | 389 gold pieces
 59192 | Elf:3    | Acquired 874 gold pieces
 59197 | Elf:3    | Acquired the ring of Crawling {+Fly rPois MR+++ Str+6
                  | Int-4}
 59217 | Elf:3    | Identified the +0 troll leather armour of Eni Bioc {Regen+
                  | MP+9 Int+5 SInv}
 59278 | Elf:3    | Received a gift from Okawaru
 59766 | Elf:3    | Identified the +5 spear "Zita" {flame, rPois rC+ rN+}
 59769 | Elf:3    | Identified the +6 morningstar "Mibb" {flame, *Rage rPois
                  | Int-3 Dex+8}
 59840 | Elf:3    | Identified the +6 crystal plate armour "Jeemaexzui" {rPois
                  | Slay+5}
 59845 | Elf:3    | Identified the +6 long sword "Zawy" {freeze, *Drain rN+++
                  | Str+4}
 59845 | Elf:3    | Identified the ring "Feusiubb" {Int+7 Stlth+}
 60003 | Elf:3    | Identified the ring "Sumuergho" {+Blink rElec rPois Dex+4
                  | Stlth-}
 60390 | Elf:3    | Identified the Papyrus of Summoning and the Compass
 60451 | Elf:3    | Acquired a +1 pair of gloves of archery
 61533 | Vaults:3 | Found Miwnan's Assorted Antiques.
 61548 | Vaults:3 | Found Gusi's Armour Shop.
 62039 | Vaults:3 | Received a gift from Okawaru
 62509 | Vaults:3 | Received a gift from Okawaru
 62533 | Vaults:3 | Reached XP level 23. HP: 172/172 MP: 31/31
 62539 | Vaults:3 | Reached skill level 24 in Slings
 62564 | Vaults:3 | Found Udahois's Magic Scroll Boutique.
 62573 | Vaults:3 | Bought a scroll of blinking for 105 gold pieces
 62573 | Vaults:3 | Bought 3 scrolls of teleportation for 126 gold pieces
 62856 | Vaults:3 | Found a staircase to the Crypt.
 63286 | Vaults:3 | Found Zoedd's Jewellery Shop.
 64512 | Vaults:3 | Bought a scroll of teleportation for 42 gold pieces
 64512 | Vaults:3 | Bought a scroll of teleportation for 42 gold pieces
 64631 | Vaults:4 | Reached skill level 15 in Armour
 64639 | Vaults:4 | Noticed an ancient lich
 64684 | Vaults:4 | Killed an ancient lich
 65710 | Vaults:4 | Received a gift from Okawaru
 66104 | Vaults:4 | Received a gift from Okawaru
 66438 | Vaults:4 | Got a masterwork kite shield
 66439 | Vaults:4 | Acquired 952 gold pieces
 66443 | Vaults:4 | Identified the +3 kite shield "Piovaaps" {Int+3 Slay+3
                  | Stlth+} (You found it on level 4 of the Vaults)
 66540 | Crypt:1  | Entered Level 1 of the Crypt
 66575 | Crypt:1  | HP: 3/174 [flayed ghost[a curse skull] (7)]
 68016 | Crypt:1  | Received a gift from Okawaru
 68038 | Crypt:1  | Reached XP level 24. HP: 145/179 MP: 31/31
 69665 | Crypt:2  | Found a transporter.
 69717 | Crypt:2  | Received a gift from Okawaru
 70127 | Crypt:2  | Found a transporter.
 70495 | Crypt:3  | Entered Level 3 of the Crypt
 70781 | Crypt:3  | Found a basalt altar of Yredelemnul.
 71366 | Crypt:3  | Got a shimmering copper ring
 71607 | Crypt:3  | Received a gift from Okawaru
 71683 | Crypt:3  | Reached skill level 25 in Slings
 72285 | Crypt:3  | Found a staircase to the Tomb.
 72736 | Crypt:3  | Reached XP level 25. HP: 189/189 MP: 31/31
 74544 | Crypt:3  | Found the cursed +13 scythe of Curses {drain, *Curse}
 74828 | Crypt:3  | Identified the ring of Yclez {rElec rF+++ rN+ Dex-5 SInv}
                  | (You found it on level 3 of the Crypt)
 75498 | Depths:1 | Entered Level 1 of the Depths
 75662 | Depths:1 | Noticed Sojobo
 75706 | Depths:1 | Killed Sojobo
 75706 | Depths:1 | Received a gift from Okawaru
 75959 | Depths:1 | Found a gateway to Hell.
 76065 | Depths:1 | Found a one-way gate to the infinite horrors of the Abyss.
 76124 | Depths:1 | Received a gift from Okawaru
 76522 | Depths:1 | You fall into a shaft and drop 1 floor!
 76594 | Depths:2 | Received a gift from Okawaru
 77075 | Depths:2 | Noticed a juggernaut
 77085 | Depths:2 | Received a gift from Okawaru
 77287 | Depths:2 | Noticed Mara
 77297 | Depths:2 | Noticed marklar909's illusion
 77358 | Depths:2 | Noticed marklar909's illusion
 77410 | Depths:2 | Killed Mara
 77410 | Depths:2 | Received a gift from Okawaru
 77436 | Depths:2 | Noticed a caustic shrike
 77443 | Depths:2 | Killed a caustic shrike
 78025 | Depths:2 | Killed a juggernaut
 78026 | Depths:2 | Reached XP level 26. HP: 196/197 MP: 31/31
 78163 | Depths:2 | Identified the +6 dagger "Qutugior" {chaos, MP+9}
 79486 | Depths:3 | Received a gift from Okawaru
 79531 | Depths:3 | Reached skill level 26 in Slings
 79534 | Depths:3 | HP: 9/197 [spriggan air mage/the air (14)]
 79537 | Depths:3 | Demolished by a spriggan berserker

Illustrated notes

Levels and vault maps discovered:
D:1:      dpeg_arrival_radiant, layout_basic
D:2:      layout_loops_ring, lemuel_crystal_altar,
          chequers_serial_rivers_room_a, nrook_mini_backslash,
          supply_closet_lemuel
D:3:      layout_basic
D:4:      layout_gridville
D:5:      layout_rooms, kennysheep_mini_moat, nicolae_ossuary_entry_plus,
          serial_shops, nicolae_shop_statue_plus
D:6:      layout_loops_cross, gammafunk_ghost_necromancy, serial_shops, shop
D:7:      layout_basic, minmay_temple_entry_statues_fountains, serial_shops,
          shop
D:8:      layout_basic, grunt_temple_overflow_holy_war, david_lair_generic
D:9:      layout_loops_corners, nicolae_gozag_cash_rules_everything_around_me
D:10:     layout_rooms, basic_altar, serial_shops, shop, special_room
          [special_room_orc], enter_bailey_8
D:11:     layout_loops_corners, basic_altar, serial_shops, shop, shop,
          nicolae_shop_waterfront, shop, evilmike_minifort
D:12:     layout_basic, david_orc_5, serial_glass, glass_columns_a,
          glass_columns_b, glass_columns_a, glass_columns_b, glass_columns_a,
          glass_columns_b, drop_trap
D:13:     layout_roguey, david_vaults_1, basic_altar
D:14:     layout_irregular_city, serial_shops, shop,
          chequers_serial_rivers_small_b, uniq_nessos, uniq_frances,
          uniq_roxanne
D:15:     hangedman_slaughterboxes
Temple:   nicolae_temple_no_exploring_needed
Lair:1:   gammafunk_indiana_jones, layout_regular_city, uniq_urug
Lair:2:   layout_gridlike, minmay_swamp_entry_worms,
          minmay_snake_entry_spellcaster, grunt_megastairs_3,
          serial_bayou_shore_b
Lair:3:   layout_cave_pods, ebering_ghost_xom, uniq_gastronok
Lair:4:   layout_misc_corridors
Lair:5:   layout_gridlike, slime_altar_1, special_room [special_room_bee],
          infiniplex_staircase_pool_2
Lair:6:   hangedman_lair_caniforms_friends, layout_regular_city,
          guppyfry_lair_end_dragon, nicolae_volcano_entry_vermiform
Swamp:1:  layout_basic_swamp, infiniplex_staircase_pool
Swamp:2:  layout_falls_marsh, evilmike_swamp_ruin_wall
Swamp:3:  layout_basic_swamp, nicolae_swamp_trees_clearing
Swamp:4:  byrel_swamp_growth_death_and_undeath, layout_basic_swamp,
          nicolae_swamp_round_clearing
Snake:1:  layout_basic, serial_shops, nicolae_shop_overgrown_old_shop,
          evilmike_ambush [evilmike_ambush_outer_corners,
          evilmike_ambush_inner_basic]
Snake:2:  layout_onion_interference, serial_bayou_pond_a, minmay_shop_star,
          serial_bayou_shore_b
Snake:3:  layout_rooms, serial_bayou_pond_d, nicolae_snake_linked_coils,
          nicolae_coiled_stairwell_down, uniq_bai_suzhen
Snake:4:  johnstein_snake_rune_scales, layout_gridlike, lemuel_fruit_tree
Orc:1:    layout_caves, lemuel_statue_altar
Orc:2:    st_orc_open, layout_caves, uniq_erolcha
Elf:1:    minmay_elf_arrival_circle, layout_loops_corners, mu_enter_wizlab_1,
          serial_shops, shop_scrolls, minmay_elf_demonology
Elf:2:    layout_onion_city, serial_shops,
          nicolae_shop_competitors_out_of_business, uniq_jorgrun
Elf:3:    minmay_elf_hall_quartered_circle, layout_geoelf_diagonals,
          basic_altar, minmay_shop_grove
Vaults:1: gammafunk_vaults_ghost_tricky_traps, v_misc_9, v_misc_1, v_misc_26,
          ontoclasm_vaults_loading_screen, vaults_room_ringed_pool, v_misc_9,
          vaults_dpeg_diagonal, grunt_vaults_hallway_short, special_room_vaults
          [special_room_orc], grunt_vaults_hallway_short,
          ontoclasm_vaults_twist, layout_vaults_big_room
Vaults:2: hangedman_vaults_capsules, v_rooms_5, st_lines,
          ontoclasm_vaults_misaligned, vaults_room_grunt_arrival_checkpoint,
          vaults_dpeg_hooks, grunt_vaults_trifunnel, v_misc_3,
          nicolae_vaults_little_squares_1, nicolae_vaults_little_squares_2,
          layout_vaults_quadrants
Vaults:3: nicolae_vaults_big_angled_halls, ontoclasm_vaults_eye, v_rooms_1,
          v_misc_23, blue_anna_dwarven_crypt, vaults_room_stairs_pillars,
          v_misc_14, hangedman_vaults_river_flow,
          nicolae_vaults_little_squares_6, ontoclasm_vaults_idyll,
          ontoclasm_vaults_shout, layout_vaults_ring, serial_shops,
          nicolae_shop_overgrown_old_shop, shop_fountains, shop, shop
Vaults:4: grunt_vaults_diagonal, nicolae_vaults_disjoint_gnomons,
          grunt_vaults_hallway_short, nicolae_vaults_ring_of_whatevers,
          ontoclasm_vaults_echo, nicolae_vaults_theta, v_pattern_2, v_misc_30,
          v_misc_26, nicolae_vaults_hallways_thing, nicolae_vaults_shelves_hall,
          nicolae_vaults_little_squares_6, nicolae_vaults_rhombus_5,
          nicolae_vaults_little_squares_4, layout_vaults_big_cross
Crypt:1:  layout_basic, minmay_misc_feat_cross, grunt_megastairs_4
Crypt:2:  gammafunk_its_a_trap, layout_misc_corridors
Crypt:3:  evilmike_haunted_forest
Depths:1: layout_roguey, dk_noncrumbling_4, hell_entry, abyss_entry,
          st_stairs_7, grunt_ministairs_13, lemuel_nasty_fountain,
          minmay_shoptagon, serial_bayou_shore_a, uniq_sojobo, uniq_saint_roka
Depths:2: minmay_the_grid_square_5x5_4x4 [minmay_the_grid_square_5x5_tri_point,
          minmay_the_grid_square_5x5_detours,
          minmay_the_grid_square_5x5_dogpile, minmay_the_grid_square_5x5_slash,
          minmay_the_grid_square_5x5_hollow_slash,
          minmay_the_grid_square_5x5_prize_deathbox,
          minmay_the_grid_square_5x5_prize_pseudospiral,
          minmay_the_grid_square_5x5_bite, minmay_the_grid_square_5x5_comb,
          minmay_the_grid_square_5x5_prize_itemx,
          minmay_the_grid_square_5x5_prize_monsterx,
          minmay_the_grid_square_5x5_almost_minimal,
          minmay_the_grid_square_5x5_one_wall,
          minmay_the_grid_square_5x5_half_checkered,
          minmay_the_grid_square_5x5_moneybag,
          minmay_the_grid_square_5x5_checkered_sparse], layout_gridlike,
          abyss_entry, hell_entry, grunt_ministairs_7,
          minmay_fractal_squares_diagonal_5, infiniplex_staircase_x, uniq_mara
Depths:3: pf_snail_temple, layout_honeycomb, enter_ziggurat_b, hell_entry,
          pan_entry, fountainhead, minmay_hedge_maze, nicolae_twisting_strands,
          infiniplex_staircase_zigzag_1, uniq_boris

Skill      XL: |  1  2  3  4  5  6  7  8  9 10 11 12 13 14 15 16 17 18 19 20 21 22 23 24 25 26 |
---------------+-------------------------------------------------------------------------------+-----
Slings         | 6 8 9 10 11 12 13 14 15 16 17 18 19 20 21 22 23 24 25 26 | 26.0
Fighting       | 2 3 4 6 8 10 11 12 13 14 15 16 17 18 19 20 21 | 21.4
Armour         | 1 2 4 5 6 7 8 9 10 11 12 13 14 15 16 17 | 17.9
Dodging        | 3 4 5 6 7 8 9 10 11 12 13 14 15 16 17 18 | 18.8
Shields        | 1 3 4 5 7 9 10 11 12 14 15 16 17 18 19 | 19.8
Stealth        | 2 3 |  3.5
Invocations    | 1 2 4 6 7 8 9 10 11 | 11.1
Throwing       | 1 |  1.9
Evocations     | 1 |  1.2

Action                   |  1- 3 |  4- 6 |  7- 9 | 10-12 | 13-15 | 16-18 | 19-21 | 22-24 | 25-27 || total
-------------------------+-------+-------+-------+-------+-------+-------+-------+-------+-------++-------
Melee: Unarmed           |       |       |       |     7 |       |       |       |       |       ||     7
       Hunting sling     |       |       |       |       |       |     4 |     8 |       |       ||    12
 Fire: Hunting sling     |   104 |   119 |   594 |  1265 |   675 |  2316 |  3393 |  3287 |  1280 || 13033
       Fustibalus        |       |       |       |    79 |  1242 |       |       |       |       ||  1321
Throw: Stone             |       |       |       |    88 |       |       |       |       |       ||    88
Invok: Heroism           |       |       |       |    10 |    22 |    13 |    13 |     8 |     3 ||    69
       Finesse           |       |       |       |     2 |     7 |     3 |     7 |     3 |     2 ||    24
 Abil: Evoke Blink       |       |       |       |       |       |       |       |     1 |       ||     1
Evoke: Wand              |       |       |     3 |    13 |     2 |       |     5 |     3 |     1 ||    27
  Use: Scroll            |       |     4 |    11 |    12 |    12 |    16 |    22 |    12 |     5 ||    94
       Potion            |       |       |       |     4 |     1 |     5 |       |     3 |     1 ||    14
Armor: Leather armour    |     1 |     1 |       |       |       |       |       |       |       ||     2
       Ring mail         |       |     3 |    43 |   122 |       |       |       |       |       ||   168
       Chain mail        |       |       |       |    34 |   204 |       |       |       |       ||   238
       Scale mail        |       |       |       |       |   109 |   327 |   175 |       |       ||   611
       Gold dragon scale |       |       |       |       |       |       |    25 |   441 |   146 ||   612
Dodge: Dodged            |    10 |    20 |    67 |   433 |   717 |   828 |   470 |   686 |   267 ||  3498
       Repelled          |       |       |       |       |     6 |    36 |     7 |     9 |     8 ||    66
Block: Buckler           |       |       |    25 |   149 |       |       |       |       |       ||   174
       Kite shield       |       |       |       |   179 |   966 |  1367 |  1387 |  1919 |   671 ||  6489
       Reflection        |       |       |       |       |       |       |       |    29 |    36 ||    65

Table legend: (Time is in decaauts)
 A = Elapsed time spent in this place.
 B = Non-inter-level travel time spent in this place.
 C = Inter-level travel time spent in this place.
 D = Time resting spent in this place.
 E = Time spent auto-exploring this place.
 F = Levels seen in this place.
 G = Mean time per level.
                   A        B        C        D        E       F      G
               +--------+--------+--------+--------+--------+-----+--------+
         Total |  74703 |  68181 |   6522 |   6570 |  47356 |  46 | 1624.0 |
       Dungeon |  18902 |  15761 |   3141 |    710 |  11488 |  15 | 1260.1 |
        Temple |     14 |      1 |     13 |      0 |      0 |   1 |   14.0 |
          Lair |  12363 |  11454 |    909 |   1011 |   8117 |   6 | 2060.5 |
         Swamp |   8575 |   8290 |    285 |   2621 |   4387 |   4 | 2143.8 |
     Snake Pit |   6082 |   5838 |    244 |    254 |   4351 |   4 | 1520.5 |
  Orcish Mines |   2787 |   2390 |    397 |    347 |   1581 |   2 | 1393.5 |
   Elven Halls |   4192 |   3836 |    356 |    286 |   2746 |   3 | 1397.3 |
        Vaults |  11274 |  10337 |    937 |    799 |   7160 |   4 | 2818.5 |
         Crypt |   6663 |   6449 |    214 |    400 |   4725 |   3 | 2221.0 |
        Depths |   3614 |   3593 |     21 |    141 |   2640 |   3 | 1204.7 |
       Ossuary |    232 |    232 |      0 |      0 |    158 |   1 |  232.0 |
               +--------+--------+--------+--------+--------+-----+--------+

Top non-repeatable levels by time:
 Crypt:3: 4160 daAuts
Vaults:3: 4005 daAuts
 Swamp:3: 3871 daAuts
Vaults:1: 2903 daAuts
  Lair:5: 2846 daAuts
 Swamp:4: 2681 daAuts
Depths:2: 2590 daAuts
  Lair:6: 2538 daAuts
Vaults:2: 2522 daAuts
    D:11: 2389 daAuts
  Lair:1: 2279 daAuts
    D:12: 2199 daAuts
 Snake:4: 2193 daAuts
    D:15: 2177 daAuts
  Lair:4: 1986 daAuts
